 Dungeon Crawl Stone Soup version 0.30-a0-341-g682706514a (webtiles) character file.

Game seed: 8971786441455904600

199 Muataran the Chopper (level 5, 0/47 HPs)
             Began as a Hill Orc Fighter on Nov 1, 2022.
             Slain by Duvessa
             ... wielding a +0 short sword
              (8 damage)
             ... on level 4 of the Dungeon.
             The game lasted 00:03:18 (1564 turns).

Muataran the Chopper (Hill Orc Fighter)             Turns: 1564, Time: 00:03:20

Health: 0/47       AC:  9    Str: 21    XL:     5   Next: 77%
Magic:  5/5        EV:  7    Int:  8    God:
Gold:   161        SH:  5    Dex: 10    Spells: 4/4 levels left

rFire   . . .      SeeInvis .    b - +2 hand axe (vorpal)
rCold   . . .      Faith    .    c - +1 buckler
rNeg    . . .      Spirit   .    j - +0 chain mail
rPois   .          Reflect  .    (no helmet)
rElec   .          Harm     .    (no cloak)
rCorr   .          Rampage  .    (no gloves)
Will    .....                    (no boots)
Stlth   ..........               (no amulet)
HPRegen 0.27/turn                (no ring)
MPRegen 0.09/turn                (no ring)

@: mighty
A: no striking features
a: no special abilities


You were on level 4 of the Dungeon.
You visited 1 branch of the dungeon, and saw 4 of its levels.

You collected 161 gold pieces.

Inventory:

Hand Weapons
 a - a +0 war axe
 b - a +2 vorpal hand axe (weapon)
Armour
 c - a +1 buckler (worn)
 j - a +0 chain mail (worn)
Jewellery
 f - a +6 ring of dexterity
 i - a +4 ring of evasion
 l - a ring of ice
Scrolls
 g - a scroll of immolation
 n - a scroll of enchant armour
 q - a scroll of teleportation
Potions
 d - a potion of might
 m - 3 potions of attraction
 p - 2 potions of magic


   Skills:
 + Level 4.6 Fighting
 * Level 5.3 Axes
 + Level 4.2 Armour
 + Level 4.2 Shields


You had 4 spell levels left.
You didn't know any spells.
Your spell library contained the following spells:

 Spells                   Type           Power      Damage    Failure   Level
 Freeze                   Ice            0%         1d3       99%         1
 Frozen Ramparts          Ice            0%         1d1       100%        3
 Hailstorm                Conj/Ice       0%         3d3       100%        3


Dungeon Overview and Level Annotations

Branches:
Dungeon (4/15)
 Temple: D:4-7

Altars:
Nemelex Xobeh

Shops:
D:3 *

Annotations:
D:4 Duvessa


Message History

You slash Duvessa!
Duvessa is heavily wounded.
Duvessa hits you with a +0 short sword.
You hit Duvessa but do no damage.
Duvessa is heavily wounded.
Duvessa hits you with a +0 short sword.
Dowan casts a spell.
Dowan blinks!
Duvessa barely misses you.
You hit Duvessa.
Duvessa is heavily wounded.
You closely miss Dowan.
Dowan points at you and mumbles some strange words.
The puff of flame hits you! You block Duvessa's attack.
You feel very mighty all of a sudden. Duvessa hits you with a +0 short sword.
Dowan hits you with a +2 dagger of electrocution.
You hit Duvessa.
Duvessa is severely wounded.
You closely miss Dowan.
Dowan mumbles some strange words.
Dowan blinks!
You block Duvessa's attack.
You slash Duvessa!
Duvessa is almost dead.
You hit Dowan. Dowan hits you but does no damage.
Duvessa hits you with a +0 short sword!
You barely miss Duvessa.
Duvessa is almost dead.
You slash Dowan!
Dowan hits you with a +2 dagger of electrocution.
Duvessa hits you with a +0 short sword!
* * * LOW HITPOINT WARNING * * *
Unknown command.
You barely miss Duvessa.
Duvessa is almost dead.
You slash Dowan!
You kill Dowan!
Duvessa screams, "No!
How DARE you!"
Duvessa goes berserk!
You block Duvessa's attack. Duvessa hits you with a +0 short sword!
You die...

#######.....###
..............# ##
.............## #.
#####..........#####.
#.........#..........
#.###..#####...#####.
# #.# #.........## #.
#..##.###.#######.#
#. #.....Be@)# #.# #.
#####.##### #+# #.
#.# #. #.# #. ... ##
.#. #.........### .B
e +.........+.. #. ..
.........### ...^...


You could see Duvessa (berserk) and a giant cockroach.

Vanquished Creatures
  Dowan (D:4)
  A jelly (D:4)
  Jessica (D:3)
  An orc wizard (D:3)
  3 gnolls
  2 adders (D:2)
  A worm (D:4)
  3 dart slugs
  4 orcs (D:3)
  5 endoplasms
  2 giant cockroaches (D:1)
  2 goblins
  5 hobgoblins
  6 kobolds
  3 quokkas
  5 ball pythons
  6 bats
  3 frilled lizards
  5 rats
59 creatures vanquished.

Notes
Turn   | Place    | Note
-------+----------+-------------------------------------------
     0 | D:1      | Muataran the Hill Orc Fighter began the quest for the Orb.
     0 | D:1      | Reached XP level 1. HP: 19/19 MP: 1/1
    61 | D:1      | Reached skill level 3 in Axes
    91 | D:1      | Reached XP level 2. HP: 20/27 MP: 2/2
   339 | D:2      | Reached XP level 3. HP: 27/33 MP: 3/3
   551 | D:2      | Reached skill level 4 in Axes
   682 | D:2      | Reached XP level 4. HP: 30/40 MP: 4/4
   926 | D:3      | Found a sparkling altar of Nemelex Xobeh.
  1167 | D:3      | Noticed Jessica
  1177 | D:3      | Killed Jessica
  1178 | D:3      | Reached XP level 5. HP: 47/47 MP: 5/5
  1245 | D:3      | Reached skill level 5 in Axes
  1307 | D:3      | Found Ebagog's General Store.
  1548 | D:4      | Noticed Dowan
  1548 | D:4      | Noticed Duvessa
  1564 | D:4      | Killed Dowan
  1564 | D:4      | Slain by Duvessa

Illustrated notes

Levels and vault maps discovered:
D:1:      dpeg_arrival_more_subterranean_lakeside_camping, layout_basic,
          shapermc_ecumenical_altar_mp_vishouse
D:2:      layout_rooms, serial_aquarium, aquarium_bridge_island_large
          [aquarium_subvault_large_water, aquarium_subvault_wall,
          aquarium_subvault_bridge, aquarium_subvault_bridge,
          aquarium_subvault_bridge], aquarium_window_corridor_3,
          aquarium_window_fake, aquarium_window_fake, aquarium_view_2d,
          aquarium_balcony_3a
D:3:      layout_rooms, nicolae_overflow_crystal_walls, serial_shops,
          nicolae_shop_crystal, gammafunk_ghost_necromancy, uniq_jessica
D:4:      layout_loops_corners, kennysheep_little_box, minmay_ruined_shrine,
          uniq_duvessa

Skill      XL: |  1  2  3  4  5 |
---------------+----------------+-----
Axes           | 3 4 5 |  5.3
Fighting       | 4 |  4.6
Armour         | 4 |  4.2
Shields        | 4 |  4.2

Action                   |  1- 3 |  4- 6 || total
-------------------------+-------+-------++-------
Melee: War axe           |    57 |       ||    57
       Hand axe          |    15 |    70 ||    85
  Use: Scroll            |       |     8 ||     8
       Potion            |       |     1 ||     1
Armor: Scale mail        |    33 |       ||    33
       Chain mail        |     4 |    31 ||    35
Dodge: Dodged            |    42 |    20 ||    62
Block: Buckler           |    28 |    17 ||    45

Table legend: (Time is in decaauts)
 A = Elapsed time spent in this place.
 B = Non-inter-level travel time spent in this place.
 C = Inter-level travel time spent in this place.
 D = Time resting spent in this place.
 E = Time spent auto-exploring this place.
 F = Levels seen in this place.
 G = Mean time per level.
                   A        B        C        D        E       F      G
               +--------+--------+--------+--------+--------+-----+--------+
         Total |   1593 |   1509 |     84 |     81 |   1017 |   4 |  398.2 |
       Dungeon |   1593 |   1509 |     84 |     81 |   1017 |   4 |  398.2 |
               +--------+--------+--------+--------+--------+-----+--------+

Top non-repeatable levels by time:
     D:3: 544 daAuts
     D:2: 537 daAuts
     D:1: 347 daAuts
     D:4: 164 daAuts
